 Dungeon Crawl Stone Soup version 0.23.2 (webtiles) character file.

Game seed: 4480553070362388347

52 Menchi the Skirmisher (level 3, -2/33 HPs)
             Began as a Ghoul Fighter on Apr 6, 2019.
             Slain by a goblin (3 damage)
             ... led by Robin
             ... on level 2 of the Dungeon.
             The game lasted 00:03:53 (776 turns).

Menchi the Skirmisher (Ghoul Fighter)                Turns: 776, Time: 00:03:56

Health: -2/33      AC:  6    Str: 22 (24) XL:     3   Next: 85%
Magic:  2/2        EV: 10    Int:  3 (4)  God:
Gold:   48         SH:  0    Dex:  7 (8)  Spells: 2/2 levels left

rFire    . . .     SeeInvis .   a - +0 long sword
rCold    + . .     Gourm    .   (no shield)
rNeg     + + +     Faith    .   b - +0 scale mail
rPois    ∞         Spirit   .   (no helmet)
rElec    .         Reflect  .   (no cloak)
rCorr    +         Harm     .   (no gloves)
MR       .....                  (no boots)
Stlth    +.........             (no amulet)
HPRegen  0.00/turn              m - ring of resist corrosion
MPRegen  0.08/turn              j - ring of stealth

@: mighty, rotting
A: rotting body, claws 1, carnivore, cold resistance 1, negative energy
resistance 3, inhibited regeneration, torment resistance, unbreathing
a: no special abilities


You were on level 2 of the Dungeon.
You were not hungry.

You visited 1 branch of the dungeon, and saw 2 of its levels.

You collected 48 gold pieces.

Inventory:

Hand Weapons
 a - a +0 long sword (weapon)
Armour
 b - a +0 scale mail (worn)
Jewellery
 j - a ring of stealth (right claw)
 m - a ring of resist corrosion (left claw)
Scrolls
 i - 2 scrolls of remove curse
 k - a scroll of fear {unknown}
 l - a scroll of identify {unknown}
Comestibles
 f - 3 rations


   Skills:
 * Level 4.0 Fighting
 * Level 2.8 Long Blades
 - Level 2.6 Armour
 * Level 1.0 Dodging
   Level 2.6 Shields


You had 2 spell levels left.
You didn't know any spells.
Your spell library was empty.

Dungeon Overview and Level Annotations

Branches:
Dungeon (2/15)

Altars:

Annotations:
D:2 Robin


Innate Abilities, Weirdness & Mutations

Your body is rotting away.
You thrive on raw meat.
You are immune to poison.
You have sharp fingernails.
You are carnivorous and can eat meat at any time.
Your flesh is cold resistant. (rC+)
You are immune to negative energy. (rN+++)
You do not regenerate when monsters are visible.
You are immune to unholy pain and torment.
You can survive without breathing.


Message History

The hobgoblin hits something but does no damage.
The goblin barely misses you. The goblin misses you.
You slash the goblin!
You kill the goblin!
The hobgoblin hits the plant but does no damage.
Robin roars a battlecry!
The goblins go into a battle-frenzy!
The goblin barely misses you.
You riposte.
You slash the goblin!
You kill the goblin!
The hobgoblin hits something but does no damage.
The goblin hits you but does no damage.
Okay, then.
It was a potion of degeneration.
There was something very wrong with that liquid.
You feel weakened.
You feel dopey.
You feel clumsy.
The hobgoblin hits you but does no damage.
Robin hits you from afar with a +0 trident.
* * * LOW HITPOINT WARNING * * *
The goblin hits you.
You die...

##......# #.......#
#..####.#
#..####.########
###.......(......#
#...#..♣♣........#
#.#...P♣.......<.#
#...P♣♣()g.......#
#..PP♣P♣@#.......#####.#
#.P♣PPgg##.......).....#
##.P♣..gg##..>....####..♣
#..♣P.P..#####.#### ♣
#..P.#(### ### ######.#
#.#.....# #.# .?..... #.#
.......


You could see Robin, 3 hobgoblins and a goblin.

Vanquished Creatures
  An ooze (D:1)
  2 dart slugs (D:1)
  2 leopard geckos (D:1)
  3 bats (D:1)
  2 giant cockroaches (D:1)
  9 goblins
  5 hobgoblins
  4 jackals (D:2)
  A quokka (D:2)
  5 frilled lizards (D:1)
  2 kobolds (D:1)
  A rat (D:1)
37 creatures vanquished.

Notes
Turn   | Place    | Note
-------+----------+-------------------------------------------
     0 | D:1      | Menchi the Ghoul Fighter began the quest for the Orb.
     0 | D:1      | Reached XP level 1. HP: 19/19 MP: 0/0
   128 | D:1      | Reached XP level 2. HP: 17/26 MP: 1/1
   369 | D:1      | Reached XP level 3. HP: 24/33 MP: 2/2
   663 | D:2      | Reached skill level 4 in Fighting
   734 | D:2      | Noticed Robin
   744 | D:2      | Reached skill level 1 in Dodging
   776 | D:2      | HP: 1/33 [Robin/+0 trident (1)]
   776 | D:2      | Slain by a goblin

Skill      XL: |  1  2  3 |
---------------+----------+-----
Long Blades    | 2 |  2.8
Fighting       | 4 |  4.0
Dodging        | 1 |  1.0
Armour         | |  2.6
Shields        | |  2.6

Action                   || total
-------------------------++-------
Melee: Long sword        ||   104
  Use: Potion            ||     2
       Scroll            ||     1
  Eat: Chunk             ||    12
Armor: Scale mail        ||    88
Dodge: Dodged            ||    96
       Rpst.: Long sword ||    37
